 Dungeon Crawl Stone Soup version 0.30.1-3-gfc49f6343a (webtiles) character file.

Game seed: 17072239633045466383

42 Descartes the Grave Robber (level 3, 0/19 HPs)
             Began as a Deep Elf Wanderer on July 20, 2023.
             Killed from afar by an orc wizard (7 damage)
             ... with a puff of flame
             ... on level 2 of the Dungeon.
             The game lasted 00:02:27 (615 turns).

Descartes the Grave Robber (Deep Elf Wanderer)       Turns: 615, Time: 00:02:27

Health: 0/19       AC:  2    Str:  7    XL:     3   Next: 35%
Magic:  6/10       EV: 12    Int: 20    God:
Gold:   73         SH:  0    Dex: 14    Spells: 8/9 levels left

rFire   . . .        e - +2 short sword (venom)
rCold   . . .        (no shield)
rNeg    . . .        c - +0 robe
rPois   .            (no helmet)
rElec   .            (no cloak)
rCorr   .            (no gloves)
SInv    .            (no boots)
Will    .....        (no amulet)
Stlth   +            (no ring)
HPRegen 0.23/turn    (no ring)
MPRegen 0.12/turn

%: no passive effects
@: confused
A: no striking features
a: no special abilities


You were on level 2 of the Dungeon.
You visited 1 branch of the dungeon, and saw 2 of its levels.

You collected 73 gold pieces.

Inventory:

Hand Weapons
 e - a +2 short sword of venom (weapon)
Armour
 c - a +0 robe (worn)
Wands
 d - a wand of flame (4)
Scrolls
 a - a scroll of immolation {unknown}
 g - a scroll of identify {unknown}
Potions
 b - a potion of haste
 f - a potion of cancellation {unknown}


   Skills:
 + Level 1.9 Dodging
 + Level 3.5 Spellcasting
 + Level 4.0 Necromancy
 * Level 3.0 Earth Magic
 + Level 2.5 Evocations


You had 8 spell levels left.
You knew the following spells:

 Your Spells              Type           Power      Damage    Failure   Level
a - Sandblast             Erth           30%        2d9       3%          1

Your spell library contained the following spells:

 Spells                   Type           Power      Damage    Failure   Level
 Sublimation of Blood     Necr           19%        N/A       4%          2
 Passwall                 Tmut/Erth      7%         N/A       11%         2
 Cigotuvi's Dreadful Rot  Necr/Pois/Air  16%        N/A       12%         2
 Frozen Ramparts          Ice            6%         1d1       38%         3
 Animate Armour           Summ/Erth      18%        N/A       58%         4
 Ice Form                 Ice/Tmut       3%         N/A       80%         4
 Summon Ice Beast         Ice/Summ       3%         N/A       80%         4


Dungeon Overview and Level Annotations

Branches:
Dungeon (1/15)

Altars:


Message History

The orc wizard is heavily wounded.
An orc wizard comes into view. It is wielding a +0 dagger.
Unknown command.
Casting: Sandblast (safe; 5% risk of failure)
Confirm with . or Enter, or press ? or * to list all spells.
Aiming: Sandblast (safe; 5% risk of failure)
Press: ? - help, Shift-Dir - straight line, f/p - orc wizard
Aim: an orc wizard, wielding a +0 dagger and wearing a +0 robe (heavily wounded, 77% to hit)
The blast of sand hits the orc wizard!
The orc wizard is almost dead.
The orc wizard shouts!
You hear a shout!
The orc wizard mumbles some strange words.
The orc wizard flickers and vanishes!
Deactivating autopickup; reactivate with Ctrl-A.
The orc wizard gestures at you while chanting.
You are confused.
An orc comes into view. It is wielding a +0 whip.
The orc wizard gestures at you while chanting.
The magic dart hits you.
You barely miss the orc wizard.
The orc wizard is almost dead.
The orc wizard gestures at you while chanting.
You are more confused.
Unknown command.
The orc attacks as you move away! The orc hits you with a +0 dagger.
The orc barely misses you.
You hit the orc wizard.
You kill the orc wizard!
The orc misses you.
Your Necromancy skill increases to level 4!
Your Earth Magic skill increases to level 3!
You have reached level 3!
Your experience leads to an increase in your attributes!
Increase (S)trength, (I)ntelligence, or (D)exterity?
You feel clever. x2
The orc attacks as you move away! The orc misses you.
You hear some strange, mumbled words.
A puff of flame appears from out of thin air!
The puff of flame hits you!
You die...

## ##### . ...# #.
#.#### #.#.###+##....#
#####
...........#.#####...# .
.>#.................#
... #.................#
.....#o@..#.#.#.........
....?o{o..........##....
.....##...........##....
.### ...................
#..............##....
..........#.....###.#.
.................# #^#.
..........####...# #_#.
.##.....#.. ....# ###.


You could see 3 orcs.

Vanquished Creatures
  An orc wizard (D:2)
  A worm (D:2)
  A dart slug (D:2)
  2 ball pythons
  A bat (D:2)
  An endoplasm (D:2)
  A goblin (D:1)
  A kobold (D:1)
  2 frilled lizards
  2 rats
13 creatures vanquished.

Notes
Turn   | Place    | Note
-------+----------+-------------------------------------------
     0 | D:1      | Descartes the Deep Elf Wanderer began the quest for the
                  | Orb.
     0 | D:1      | Descartes set off with the following items: a +0 dagger, a
                  | potion of haste, a +0 robe, a wand of flame (4); and the
                  | following spell memorised: Sandblast; and the following
                  | spells available to memorise: Sublimation of Blood,
                  | Cigotuvi's Dreadful Rot, Passwall, Animate Armour.
     0 | D:1      | Reached XP level 1. HP: 10/10 MP: 6/6
   247 | D:1      | You fall into a shaft and drop 1 floor!
   286 | D:2      | Reached XP level 2. HP: 12/15 MP: 2/8
   586 | D:2      | Found a faded altar of an unknown god.
   615 | D:2      | Reached skill level 4 in Necromancy
   615 | D:2      | Reached XP level 3. HP: 6/19 MP: 6/10
   615 | D:2      | Killed from afar by an orc wizard

Illustrated notes

Levels and vault maps discovered:
D:1:      psy_arrival_statuary, layout_basic, minmay_misc_feat_rows
D:2:      layout_basic, hellmonk_ecumenical_altar_leap_of_faith, uniq_jessica

Skill      XL: |  1  2 |
---------------+-------+-----
Necromancy     | 4 |  4.0
Earth Magic    | 3 |  3.0
Dodging        | |  1.9
Spellcasting   | |  3.5
Evocations     | |  2.5

Action                     || total
---------------------------++-------
  Melee: Short sword       ||     3
   Cast: Sandblast         ||    20
 Armour: Robe              ||     2
  Dodge: Dodged            ||     9
